 Dungeon Crawl Stone Soup version 0.22.1-1-ga44c0e56f4 (webtiles) character file.

170 JOKERXD40 the Chopper (level 5, 0/47 HPs)
             Began as a Hill Orc Monk on Nov 10, 2018.
             Slain by Terence
             ... wielding a +0 mace
              (4 damage)
             ... on level 3 of the Dungeon.
             The game lasted 00:03:52 (2858 turns).

JOKERXD40 the Chopper (Hill Orc Monk)               Turns: 2858, Time: 00:03:56

Health: 0/47       AC:  6    Str: 15    XL:     5   Next: 51%
Magic:  5/5        EV: 11    Int: 10    God:
Gold:   111        SH:  3    Dex: 13    Spells: 4/4 levels left

rFire    . . .     SeeInvis .   a - +0 hand axe
rCold    . . .     Gourm    .   l - +0 buckler
rNeg     . . .     Faith    .   d - +0 ring mail
rPois    .         Spirit   .   m - +0 helmet (curse)
rElec    .         Reflect  .   (no cloak)
rCorr    .         Harm     .   (no gloves)
MR       .....                  (no boots)
Stlth    +.........             (no amulet)
HPRegen  0.15/turn              (no ring)
MPRegen  0.09/turn              (no ring)

@: no status effects
A: no striking features
a: no special abilities


You were on level 3 of the Dungeon.
You were not hungry.

You visited 1 branch of the dungeon, and saw 3 of its levels.

You collected 111 gold pieces.

Inventory:

Hand Weapons
 a - a +0 hand axe (weapon)
Armour
 d - a +0 ring mail (worn)
 l - a +0 buckler (worn)
 m - a cursed +0 helmet (worn)
Scrolls
 b - a scroll of fog {unknown}
 f - a scroll of remove curse {unknown}
 g - 3 scrolls of identify {unknown}
 j - 2 scrolls of teleportation {unknown}
 n - a scroll of immolation {unknown}
 o - a scroll of amnesia {unknown}
 p - a scroll of enchant weapon {unknown}
 q - a scroll of noise {unknown}
Potions
 e - a potion of berserk rage {unknown}
 h - a potion of curing {unknown}
 i - 2 potions of flight {unknown}
 k - a potion of heal wounds {unknown}
Comestibles
 c - 3 rations


   Skills:
 + Level 4.4 Fighting
 + Level 6.5 Axes
 + Level 2.0 Armour
 + Level 2.6 Dodging
 + Level 1.7 Stealth
 + Level 0.1 Shields


You had 4 spell levels left.
You didn't know any spells.
Your spell library was empty.

Dungeon Overview and Level Annotations

Branches:
Dungeon (3/15)

Altars:
Yredelemnul

Annotations:
D:3 Terence


Message History

Terence is severely wounded.
You closely miss the orc. The orc hits you but does no damage.
Terence hits you with a mace.
* * * LOW HITPOINT WARNING * * *
You closely miss Terence.
Terence is severely wounded.
You closely miss the orc. The orc hits you with a short sword.
* * * LOW HITPOINT WARNING * * *
Terence closely misses you.
You barely miss Terence.
Terence is severely wounded.
You hit the orc. The orc hits you with a short sword.
* * * LOW HITPOINT WARNING * * *
You hit Terence.
Terence is almost dead.
You hit the orc.
You kill the orc!
Your Armour skill increases to level 2!
Terence hits you with a mace.
You die...

.. .. .. .. ... .. .#
... ... #.#.# #... ###
##.##...#..... #..
.......#.#..# #######.#
..........#
.....##.#######)@†#.)#.#
..##.##.........@(......
...#.##..#######..#.#..#
...#.....##.......#
...#[###.##.####....#
##................###
#..#...............
#..#######..##......
#..# #..##.......# #..#
...##..#..#.#


You could see Terence.

Vanquished Creatures
  Jessica (D:3)
  Robin (D:2)
  2 adders
  3 gnolls (D:3)
  2 oozes
  A worm (D:3)
  A dart slug (D:1)
  A leopard gecko (D:1)
  3 orcs (D:3)
  2 ball pythons
  4 giant cockroaches
  12 goblins
  10 hobgoblins
  2 jackals (D:2)
  3 quokkas
  3 bats
  A frilled lizard (D:3)
  8 kobolds
  8 rats
68 creatures vanquished.

Notes
Turn   | Place    | Note
-------+----------+-------------------------------------------
     0 | D:1      | JOKERXD40 the Hill Orc Monk began the quest for the Orb.
     0 | D:1      | Reached XP level 1. HP: 19/19 MP: 1/1
   262 | D:1      | Reached XP level 2. HP: 18/27 MP: 2/2
   819 | D:1      | Reached XP level 3. HP: 31/33 MP: 3/3
  1072 | D:2      | Reached skill level 5 in Axes
  1693 | D:2      | Reached skill level 1 in Armour
  1695 | D:2      | Reached XP level 4. HP: 39/41 MP: 4/4
  1704 | D:2      | Found a basalt altar of Yredelemnul.
  1976 | D:2      | Noticed Robin
  2020 | D:2      | Killed Robin
  2690 | D:3      | Reached XP level 5. HP: 37/47 MP: 5/5
  2694 | D:3      | Reached skill level 6 in Axes
  2789 | D:3      | Noticed Jessica
  2825 | D:3      | Killed Jessica
  2835 | D:3      | Noticed Terence
  2858 | D:3      | Slain by Terence

Skill      XL: |  1  2  3  4  5 |
---------------+----------------+-----
Fighting       | 4 |  4.4
Axes           | 5 6 |  6.5
Armour         | 1 2 |  2.0
Dodging        | |  2.6
Stealth        | |  1.7
Shields        | |  0.1

Action                   |  1- 3 |  4- 6 || total
-------------------------+-------+-------++-------
Melee: Hand axe          |   101 |   134 ||   235
  Eat: Chunk             |     2 |     1 ||     3
       Ration            |       |     1 ||     1
Armor: Ring mail         |    38 |    37 ||    75
Dodge: Dodged            |    77 |    59 ||   136
Block: Buckler           |       |    15 ||    15
